 Dungeon Crawl Stone Soup version 0.21-a0-81-gc5150db (webtiles) character file.

329 MackTheKnife the Gusty (level 6, -1/52 HPs)
             Began as a Tengu Air Elementalist on June 23, 2017.
             Slain by a worm (4 damage)
             ... on level 4 of the Dungeon.
             The game lasted 00:11:09 (2750 turns).

MackTheKnife the Gusty (Tengu Air Elementalist)     Turns: 2750, Time: 00:11:09

Health: -1/52      AC: 23    Str:  8    XL:     6   Next: 50%
Magic:  2/11       EV:  2    Int: 18    God:
Gold:   244        SH:  0    Dex: 14    Spells: 6/12 levels left

rFire    . . .     SeeInvis +   d - +1 spear
rCold    . . .     Gourm    .   (no shield)
rNeg     + + +     Faith    .   (armour currently unavailable)
rPois    +         Spirit   .   (helmet currently unavailable)
rElec    .         Reflect  .   (cloak currently unavailable)
rCorr    .         Harm     .   (gloves currently unavailable)
MR       +....     NoTele   +   (boots unavailable)
Stlth    ++........             r - amulet of inaccuracy (curse)
HPRegen  0.17/turn              (no ring)
MPRegen  0.12/turn              (no ring)

@: tree-form, berserk cooldown
A: see invisible, low mp 1, magic resistance 1, able to fly 1
a: Fly


You were on level 4 of the Dungeon.
You were hungry.
You were a tree.
You visited 1 branch of the dungeon, and saw 4 of its levels.

You collected 244 gold pieces.

Inventory:

Hand Weapons
 d - a +1 spear (weapon)
   (You found it on level 1 of the Dungeon)
Armour
 i - a +0 leather armour (melded)
   (You found it on level 1 of the Dungeon)
Jewellery
 r - a cursed amulet of inaccuracy (around neck)
   (You found it on level 4 of the Dungeon)
Wands
 l - a wand of random effects (32/48)
   (You found it on level 2 of the Dungeon)
Scrolls
 a - a scroll of amnesia
Books
 b - a book of Air
Comestibles
 c - 3 bread rations {@e1}
 g - a meat ration {@e2}


   Skills:
 + Level 1.8 Fighting
 - Level 2.1 Dodging
 - Level 2.0 Stealth
 + Level 3.7 Spellcasting
 + Level 4.5 Conjurations
 + Level 6.0 Air Magic


You had 6 spell levels left.
You knew the following spells:

 Your Spells              Type           Power        Failure   Level  Hunger
a - Static Discharge      Conj/Air       ###.....     4%          3    ###....
s - Swiftness             Chrm/Air       ##......     7%          2    ##.....
z - Shock                 Conj/Air       ###.         1%          1    None


Dungeon Overview and Level Annotations

Branches:
Dungeon (4/15)
 Temple: D:4-7

Altars:
Makhleb

Annotations:
D:3 DrakieV's ghost, amateur DsBe


Innate Abilities, Weirdness & Mutations

((You have a beak for a mouth.))
((You have claws for feet.))
You can fly.
You have supernaturally acute eyesight. (SInv)
Your magical capacity is low. (-10% MP)
You are resistant to hostile enchantments. (MR+)


Message History

Attack whom?
Aim: Sigmund, wielding a scythe and wearing a robe (almost dead)
You reach to attack!
You puncture Sigmund!
You kill Sigmund!
Your Fighting skill increases to level 1!
Your Conjurations skill increases to level 4!
Your Air Magic skill increases to level 6!
You have reached level 6!
Your experience leads to an increase in your attributes!
Your base attributes are Str 8, Int 17, Dex 14.
Increase (S)trength, (I)ntelligence, or (D)exterity?
You feel clever.
The jackal bites you but does no damage.
You regained 4 hp, and now have 18/52 hp.
You puncture the jackal!
You kill the jackal!
The bat hits you but does no damage.
You miss the bat. Your peck misses the bat. The bat hits you.
The bat hits you but does no damage.
You take 1 damage, and have 17/52 hp.
You closely miss the bat. The bat hits you but does no damage.
You miss the bat. The bat closely misses you.
You closely miss the bat. Your peck misses the bat. The bat closely misses you.
You hit the bat.
You kill the bat!
The orc wizard gestures wildly while chanting.
The orc wizard blinks!
You barely miss the jackal.
The jackal bites you but does no damage.
You hit the jackal. The jackal misses you.
You closely miss the jackal. Your kick misses the jackal. You peck the jackal.
You kill the jackal!
Unknown command.
You feel a strong urge to attack something.
You are no longer berserk.
You are exhausted.
You feel yourself slow down.
Things that are here:
a scythe; a robe; the human corpse of Sigmund You now have 12/35 hp.
The worm barely misses you.
The orc wizard mumbles some strange words.
The orc wizard blinks!
The worm closely misses you.
Unknown command.
The goblin barely misses you. The goblin barely misses you.
There is a stone staircase leading down here.
The orc wizard mumbles some strange words.
The orc wizard seems to speed up.
The goblin hits you. The orc barely misses you. The worm closely misses you.
You climb downwards.
There is a stone staircase leading up here.
Unknown command.
Unknown command.
Unknown command.
You take 2 damage, and have 11/35 hp.
Unknown command.
It was a potion of lignification.
You turn into a tree.
Your +0 leather armour melds into your body.
Your roots penetrate the ground.
The goblin hits you.
* * * LOW HITPOINT WARNING * * *
The goblin hits you but does no damage.
You now have 15/52 hp.
The zap hits the goblin. x2
You kill the goblin!
The worm bites you.
* * * LOW HITPOINT WARNING * * *
You take 3 damage, and have 12/52 hp.
You now have 3/11 mp.
You hit the worm. The worm bites you but does no damage.
You barely miss the worm. The worm completely misses you.
You hit the worm but do no damage. The worm bites you but does no damage.
Okay, then.
Unknown command.
Okay, then.
You aren't carrying any potions.
Unknown command.
Okay, then.
Unknown command.
The worm is struck by lightning.
The lightning grounds out.
The worm bites you but does no damage.
You now have 1/11 mp.
You don't have enough magic to cast that spell.
You hit the worm. The worm bites you.
* * * LOW HITPOINT WARNING * * *
You take 4 damage, and have 9/52 hp.
You closely miss the worm.
You feel yourself speed up. The worm bites you.
* * * LOW HITPOINT WARNING * * *
You take 3 damage, and have 6/52 hp.
You barely miss the worm. The worm bites you.
* * * LOW HITPOINT WARNING * * *
You take 3 damage, and have 3/52 hp.
You hit the worm but do no damage. The worm bites you but does no damage.
You hit the worm.
You aren't carrying any potions.
Unknown command.
You hit the worm. The worm bites you.
You die...

,,,*** *,,*
*,* **,**
*,,,,*
*..#***,*
*#..* **,,,*
*#..,,,**
*#..#* **,,*
*#..,**
*#..#* *,,**
#...* *#..#*
*,**
**...#**#..#*
**,*
**,*#..##..#*
*,**
**,***#.†w.#*
,** **,**
**#♣#* **
**,** ### *
*,** *,**
**,* ***


You could see a worm.

Vanquished Creatures
  Sigmund (D:3)
  A hound (D:2)
  A worker ant (D:4)
  5 adders
  4 worms
  A leopard gecko (D:2)
  2 orcs (D:4)
  3 giant cockroaches
  9 goblins
  9 hobgoblins
  2 jackals (D:3)
  5 kobolds
  A quokka (D:3)
  A ball python (D:1)
  8 bats
  2 frilled lizards (D:1)
  3 rats
58 creatures vanquished.

Notes
Turn   | Place    | Note
-------+----------+-------------------------------------------
     0 | D:1      | MackTheKnife the Tengu Air Elementalist began the quest for the Orb.
     0 | D:1      | Reached XP level 1. HP: 10/10 MP: 4/4
   232 | D:1      | Reached XP level 2. HP: 15/15 MP: 1/6
   446 | D:1      | Reached skill level 2 in Conjurations
   840 | D:2      | Reached XP level 3. HP: 16/19 MP: 0/7
   935 | D:2      | Learned a level 3 spell: Static Discharge
   938 | D:2      | Learned a level 2 spell: Swiftness
  1085 | D:2      | Reached skill level 5 in Air Magic
  1111 | D:2      | Reached XP level 4. HP: 19/24 MP: 7/9
  1333 | D:2      | Found a burning altar of Makhleb.
  1340 | D:2      | Reached skill level 3 in Spellcasting
  1340 | D:2      | Reached skill level 3 in Conjurations
  2086 | D:3      | Gained mutation: You can fly. [Tengu growth]
  2086 | D:3      | Reached XP level 5. HP: 23/28 MP: 4/10
  2253 | D:3      | Noticed Sigmund
  2371 | D:3      | Noticed DrakieV's ghost (amateur DsBe)
  2403 | D:3      | Noticed an ogre
  2704 | D:3      | HP: 7/28 [orc (4)]
  2711 | D:3      | Gained mutation: You have supernaturally acute eyesight. (SInv) [potion of mutation]
  2711 | D:3      | Gained mutation: Your magical capacity is low. (-10% MP) [potion of mutation]
  2711 | D:3      | Gained mutation: You are resistant to hostile enchantments. (MR+) [potion of mutation]
  2720 | D:3      | Killed Sigmund
  2720 | D:3      | Reached skill level 1 in Fighting
  2720 | D:3      | Reached skill level 4 in Conjurations
  2720 | D:3      | Reached skill level 6 in Air Magic
  2720 | D:3      | Reached XP level 6. HP: 18/35 MP: 1/11
  2740 | D:4      | HP: 12/52 [worm (3)]
  2745 | D:4      | HP: 9/52 [worm (4)]
  2747 | D:4      | HP: 3/52 [worm (3)]
  2750 | D:4      | Slain by a worm

Vault maps used:
D:1:      mrwooster_arrival_statue
D:2:      serial_forest, infiniplex_forest_lined_2,
          infiniplex_forest_clump_curved, infiniplex_forest_lined_room_2,
          infiniplex_forest_corner_2, infiniplex_forest_clump_diagonal,
          infiniplex_forest_diagonal, infiniplex_forest_clump_large,
          infiniplex_forest_clump_tiny, makhleb_blood_cavern_becter
D:3:      led_sif_book, first_bread, uniq_sigmund
D:4:      grunt_dithmenos_smoke_and_mirrors, kennysheep_big_empty_room

Skill      XL: |  1  2  3  4  5 |
---------------+----------------+-----
Conjurations   | 2 3 4 |  4.5
Air Magic      | 5 6 |  6.0
Spellcasting   | 3 |  3.7
Fighting       | 1 |  1.8
Dodging        | |  2.1
Stealth        | |  2.0

Action                   |  1- 3 |  4- 6 || total
-------------------------+-------+-------++-------
Melee: Spear             |    36 |    63 ||    99
       Kick              |     5 |     6 ||    11
       Peck              |     2 |     4 ||     6
 Cast: Shock             |    36 |    52 ||    88
       Static Discharge  |       |     1 ||     1
 Abil: Fly               |       |     3 ||     3
  Use: Scroll            |       |     8 ||     8
       Potion            |       |     4 ||     4
 Stab: Sleeping          |     4 |     3 ||     7
       Distracted        |     1 |       ||     1
  Eat: Chunk             |     1 |     5 ||     6
Armor: Leather armour    |     5 |    20 ||    25
       Skin              |       |     5 ||     5
Dodge: Dodged            |    27 |    61 ||    88

Vault maps used:
D:1:      mrwooster_arrival_statue
D:2:      serial_forest, infiniplex_forest_lined_2,
          infiniplex_forest_clump_curved, infiniplex_forest_lined_room_2,
          infiniplex_forest_corner_2, infiniplex_forest_clump_diagonal,
          infiniplex_forest_diagonal, infiniplex_forest_clump_large,
          infiniplex_forest_clump_tiny, makhleb_blood_cavern_becter
D:3:      led_sif_book, first_bread, uniq_sigmund
D:4:      grunt_dithmenos_smoke_and_mirrors, kennysheep_big_empty_room

Table legend:
 A = Turns spent in this place as a percentage of turns spent in the entire game.
 B = Non-inter-level travel turns spent in this place as a percentage of non-inter-level travel turns spent in the entire game.
 C = Inter-level travel turns spent in this place as a percentage of turns spent in this place.
 D = Turns resting spent in this place as a percentage of non-inter-level travel turns spent in this place.
 E = Turns spent auto-exploring this place as a percentage of non-inter-level travel turns spent in this place.
 F = Non-inter-level travel turns spent in this place divided by the number of levels of this place that you've seen.
                   A       B       C       D       E      F
               +-------+-------+-------+-------+-------+----------------------
         Total | 100.0 | 100.0 |   0.6 |   5.0 |   9.1 | 195.2
       Dungeon | 100.0 | 100.0 |   0.6 |   5.0 |   9.1 | 195.2
               +-------+-------+-------+-------+-------+----------------------

Table legend:
 A = Kills in this place as a percentage of kills in entire the game.
 B = Kills by you in this place as a percentage of kills by you in the entire game.
 C = Kills by friends in this place as a percentage of kills by friends in the entire game.
 D = Other kills in this place as a percentage of other kills in the entire game.
 E = Experience gained in this place as a percentage of experience gained in the entire game.
 F = Experience gained in this place divided by the number of levels of this place that you have seen.
                   A       B       C       D       E      F
               +-------+-------+-------+-------+-------+----------------------
         Total | 100.0 | 100.0 |  -nan |  -nan | 100.0 | 117.5
       Dungeon | 100.0 | 100.0 |  -nan |  -nan | 100.0 | 117.5
               +-------+-------+-------+-------+-------+----------------------
